 Dungeon Crawl Stone Soup version 0.29.1-15-g9cfb28693d (webtiles) character file.

Game seed: 527935180975840002

2 Goshko the Trooper (level 1, -4/14 HPs)
             Began as a Gargoyle Berserker on Feb 27, 2023.
             Was a Follower of Trog.
             Slain by Terence
             ... wielding a +2 flail of holy wrath
              (5 damage)
             ... on level 2 of the Dungeon.
             The game lasted 00:01:37 (189 turns).

Goshko the Trooper (Gargoyle Berserker)              Turns: 189, Time: 00:01:38

Health: -4/14      AC:  4    Str: 20    XL:     1   Next: 30%
Magic:  1/1        EV: 11    Int:  7    God:    Trog [*.....]
Gold:   8          SH:  0    Dex:  9    Spells: 0/0 levels left

rFire   . . .      SeeInvis .   a - +0 falchion
rCold   . . .      Faith    .   (no shield)
rNeg    + . .      Spirit   .   g - +0 robe
rPois   ∞          Reflect  .   (no helmet)
rElec   +          Harm     .   (no cloak)
rCorr   .          Rampage  .   (no gloves)
Will    .....                   (no boots)
Stlth   +.........              (no amulet)
HPRegen 0.04/turn               (no ring)
MPRegen 0.07/turn               (no ring)

@: no status effects
A: sickness immunity, AC +2, negative energy resistance 1, electricity
resistance, torment resistance 1, petrification resistance
a: Renounce Religion, Berserk


You were on level 2 of the Dungeon.
You worshipped Trog.
Trog was aware of your devotion.
You visited 1 branch of the dungeon, and saw 2 of its levels.

You collected 8 gold pieces.

Inventory:

Hand Weapons
 a - a +0 falchion (weapon)
Armour
 b - a +0 animal skin
 g - a +0 robe (worn)
Scrolls
 c - a scroll of fear {unknown}
 d - a scroll of teleportation {unknown}
 e - a scroll of brand weapon {unknown}
 f - a scroll of noise {unknown}


   Skills:
 + Level 3.3 Fighting
 + Level 2.7 Long Blades
 + Level 2.2 Armour
 + Level 1.6 Dodging


You couldn't memorise any spells.
You didn't know any spells.
Your spell library was empty.

Dungeon Overview and Level Annotations

Branches:
Dungeon (2/15)

Altars:

Annotations:
D:2 Terence


Innate Abilities, Weirdness & Mutations

You are immune to sickness and miasma.
Your stone body is resilient. (AC +2)
You are immune to poison.
You resist negative energy. (rN+)
You are resistant to electric shocks. (rElec)
You are resistant to unholy torment.
You are immune to petrification.


Message History

The bat hits you but does no damage. x2
You barely miss the bat. The bat barely misses you.
You closely miss the bat. The bat hits you but does no damage.
The bat barely misses you.
You hit the bat.
The bat is severely wounded.
The bat hits you but does no damage. The bat barely misses you.
The bat hits you but does no damage. The bat barely misses you.
The bat closely misses you. The bat hits you.
The bat hits you but does no damage. The bat misses you.
The bat barely misses you.
You miss the bat.
The bat is moderately wounded.
The bat barely misses you. The bat closely misses you.
You miss the bat.
The bat is moderately wounded.
The bat hits you but does no damage. The bat barely misses you.
The bat closely misses you.
You hit the bat.
You kill the bat!
Trog accepts your kill.
Terence the Incautious comes into view.
He is wielding a +2 flail of holy wrath.
Found 6 gold pieces and 2 bubbling orange potions.
You closely miss Terence. Terence closely misses you.
You hit Terence.
Terence is lightly wounded.
Terence misses you.
You hit Terence.
Terence is moderately wounded.
Terence completely misses you.
You barely miss Terence.
Terence is moderately wounded.
Terence hits you with a +2 flail of holy wrath!
Ouch! That really hurt!
* * * LOW HITPOINT WARNING * * *
Terence attacks as you move away!
Terence hits you with a +2 flail of holy wrath.
You die...

#.# #.# ...
#.# #.# #.#
.# #.# #.#
#.#
#.####.####
#.........#
######.##@#
#...@.#
####..#
#$.# #..#
#..! #.#.
#.#.#


You could see Terence.

Vanquished Creatures
  A giant cockroach (D:1)
  A bat (D:2)
2 creatures vanquished.

Notes
Turn   | Place    | Note
-------+----------+-------------------------------------------
     0 | D:1      | Goshko the Gargoyle Berserker began the quest for the Orb.
     0 | D:1      | Reached XP level 1. HP: 14/14 MP: 1/1
   183 | D:2      | Noticed Terence
   189 | D:2      | Slain by Terence

Illustrated notes

Levels and vault maps discovered:
D:1:      giann_forest_graveyard, layout_basic,
          dilly_ecumenical_altar_fadedgnrine
D:2:      layout_loops_ring, kennysheep_nondescript, uniq_terence

Action                   || total
-------------------------++-------
Melee: Falchion          ||    20
Armor: Robe              ||    12
       Animal skin       ||     2
Dodge: Dodged            ||    23
